 Dungeon Crawl Stone Soup version 0.28-a0-80-g9707f7362f (webtiles) character file.

Game seed: 3812476518082668769

9 mcsnuffy the Conjurer (level 2, 15/15 HPs)
             Began as a Deep Elf Conjurer on Aug 5, 2021.
             Quit the game on level 1 of the Dungeon.
             The game lasted 00:01:27 (381 turns).

mcsnuffy the Conjurer (Deep Elf Conjurer)            Turns: 381, Time: 00:01:28

Health: 15/15      AC:  2    Str:  4    XL:     2   Next: 3%
Magic:  6/8        EV: 12    Int: 22    God:
Gold:   20         SH:  0    Dex: 13    Spells: 6/7 levels left

rFire   . . .      SeeInvis .   (no weapon)
rCold   . . .      Faith    .   (no shield)
rNeg    . . .      Spirit   .   a - +0 robe
rPois   .          Reflect  .   (no helmet)
rElec   .          Harm     .   (no cloak)
rCorr   .          Rampage  .   (no gloves)
Will    .....                   (no boots)
Stlth   ++........              (no amulet)
HPRegen 0.05/turn               (no ring)
MPRegen 0.11/turn               (no ring)

@: no status effects
A: no striking features
a: no special abilities


You were on level 1 of the Dungeon.
You visited 1 branch of the dungeon, and saw 1 of its levels.

You collected 20 gold pieces.


   Skills:
 - Level 2.4 Dodging
 - Level 2.4 Stealth
 - Level 3.0 Spellcasting
 + Level 4.9 Conjurations


You had 6 spell levels left.
You knew the following spells:

 Your Spells              Type           Power      Damage    Failure   Level
m - Magic Dart            Conj           100%       1d8       1%          1

Your spell library contained the following spells:

 Spells                   Type           Power      Damage    Failure   Level
 Searing Ray              Conj           50%        3d5       2%          2
 Dazzling Flash           Conj/Hex       28%        N/A       14%         3
 Fulminant Prism          Conj/Hex       7%         3d7       41%         4
 Iskenderun's Mystic Bla  Conj/Tloc      14%        2d5       41%         4

Inventory:

Armour
 a - a +0 robe (worn)
Scrolls
 d - a scroll of vulnerability {unknown}
 e - a scroll of teleportation {unknown}
 f - a scroll of identify {unknown}
Potions
 b - a potion of degeneration {unknown}
 c - a potion of berserk rage {unknown}
 g - a potion of attraction {unknown}

Dungeon Overview and Level Annotations

Branches:
Dungeon (1/15)

Altars:

...... ......
.................
......#..............)..
......#......)....!...)
....###.........#....#
................#....###
................#.......
................#.......
................@.......
.....)....#.....#...#...
........# #...[.#...#
.......)# #..........(
).......###..........#..
........................
##......##..............
#......#...............
#.######.....>......


There were no monsters in sight!


Message History

There is an open door here.
There is an open door here.
Found a great sword.
Found an escape hatch in the floor.
Found a robe.
Found 12 gold pieces.
A rat comes into view.
A bat comes into view.
The magic dart hits the rat.
You kill the rat!
The magic dart hits the bat!
You kill the bat!
The magic dart hits the kobold but does no damage.
The kobold shouts!
The magic dart hits the kobold.
You kill the kobold!
Found a hunting sling.
You now have 20 gold pieces (gained 12).
Found 19 stones and a dagger.
A goblin comes into view. It is wielding a +0 club.
The goblin shouts!
Found a fizzy inky potion.
You see here a rat corpse.
The magic dart hits the goblin.
You kill the goblin!
You have reached level 2!
A bat comes into view.
The magic dart hits the bat.
You kill the bat!
Are you sure you want to abandon this character and quit the game? (Confirm with "yes".)

Action                   || total
-------------------------++-------
 Cast: Magic Dart        ||    13

Levels and vault maps discovered:
D:1:      beargit_arrival_greenhouse, layout_basic,
          dilly_ecumenical_altar_fadedgnrine

Notes
Turn   | Place    | Note
-------+----------+-------------------------------------------
     0 | D:1      | mcsnuffy the Deep Elf Conjurer began the quest for the Orb.
     0 | D:1      | Reached XP level 1. HP: 10/10 MP: 6/6
   260 | D:1      | Found a faded altar of an unknown god.
   365 | D:1      | Reached XP level 2. HP: 15/15 MP: 6/8
   381 | D:1      | Quit the game

Vanquished Creatures
  A goblin (D:1)
  A hobgoblin (D:1)
  2 kobolds (D:1)
  A ball python (D:1)
  2 bats (D:1)
  A frilled lizard (D:1)
  2 rats (D:1)
10 creatures vanquished.

Table legend: (Time is in decaauts)
 A = Elapsed time spent in this place.
 B = Non-inter-level travel time spent in this place.
 C = Inter-level travel time spent in this place.
 D = Time resting spent in this place.
 E = Time spent auto-exploring this place.
 F = Levels seen in this place.
 G = Mean time per level.
                   A        B        C        D        E       F      G
               +--------+--------+--------+--------+--------+-----+--------+
         Total |    381 |    381 |      0 |      0 |    297 |   1 |  381.0 |
       Dungeon |    381 |    381 |      0 |      0 |    297 |   1 |  381.0 |
               +--------+--------+--------+--------+--------+-----+--------+

Top non-repeatable levels by time:
     D:1: 381 daAuts

Table legend:
 A = Non-vault XP
 B = Vault XP
 C = Vault XP percentage of total XP
 D = Non-vault monster count
 E = Vault monster count
 F = Vault count percentage of total count
                 A         B        C        D         E       F
            +---------+---------+-------+---------+---------+-------
      Total |      13 |       0 |   0.0 |      10 |       0 |   0.0
            +---------+---------+-------+---------+---------+-------
        D:1 |      13 |       0 |   0.0 |      10 |       0 |   0.0
            +---------+---------+-------+---------+---------+-------
